 Dungeon Crawl Stone Soup version 0.31.0-1-g2c135a0 (webtiles) character file.

Game seed: 4547106576423472246

2424468 SirRobin the Sorcerer (level 27, 201/201 HPs)
             Began as a Vampire Enchanter on Apr 16, 2024.
             Was the Champion of Dithmenos.
             Escaped with the Orb
             ... and 5 runes on Apr 18, 2024!
             The game lasted 05:18:43 (104261 turns).

SirRobin the Sorcerer (Vampire Enchanter)         Turns: 104261, Time: 05:18:43

Health: 201/201    AC: 25    Str: 20    XL:     27
Magic:  51/51      EV: 18    Int: 47    God:    Dithmenos [******]
Gold:   3130       SH: 17    Dex: 12    Spells: 12/74 levels left

rFire   + + .        d - +18 lance "Wyrmbane" {slay drac, rPois rF+ rC+ AC+3}
rCold   + + +        J - +5 kite shield "Queriaf" {rF+}
rNeg    + . .        C - +3 ring mail "Mauweej" {Int+8}
rPois   +            E - +2 helmet "Xuumelid" {rF- Will++ Int+5}
rElec   +            r - +3 cloak of Elyvilon's Regard {+Blink Str+3 Int+3}
rCorr   +            v - +0 pair of gloves
SInv    +            s - +2 pair of boots "Ogisej" {rC++ Dex+4 Stlth-}
Will    ++++.        f - amulet of Vitality {RegenMP++ Regen++}
Stlth   +++          o - ring of Ochepsafa {Fire rN+ rCorr Stlth+}
HPRegen 2.33/turn    w - ring of Xom's Passing Interest {rElec rCorr Str+6 Int+2 Dex-5}
MPRegen 1.12/turn

%: no passive effects
@: healing quickly, wreathed by umbra, studying 2 skills
A: alive, fangs 3, see invisible, vampiric 2, hooves 1, clumsy 1, cold
resistance 1, strong 1
0: Orb of Zot
}: 5/15 runes: serpentine, barnacled, slimy, silver, abyssal
a: Exsanguinate, Renounce Religion, Evoke Blink, Shadow Step, Shadow Form


You escaped.
You worshipped Dithmenos.
Dithmenos was exalted by your worship.
You visited 11 branches of the dungeon, and saw 53 of its levels.
You visited the Abyss 5 times.
You also visited: Ice Cave.

You collected 8879 gold pieces.
You spent 5749 gold pieces at shops.

Inventory:

Hand Weapons
 d - the +18 lance "Wyrmbane" (weapon) {slay drac, rPois rF+ rC+ AC+3}
   (You took it off Maggie on level 8 of the Dungeon)

   AC+3:      It affects your AC (+3).
   rF+:       It protects you from fire.
   rC+:       It protects you from cold.
   rPois:     It protects you from poison
Armour
 e - +0 ice dragon scales
 g - +2 fire dragon scales
 i - +0 acid dragon scales
 r - the +3 cloak of Elyvilon's Regard (worn) {+Blink Str+3 Int+3}
   (You bought it in a shop on level 1 of the Depths)

   Str+3:     It affects your strength (+3).
   Int+3:     It affects your intelligence (+3).
   +Blink:    It lets you blink.
 s - the +2 pair of boots "Ogisej" (worn) {rC++ Dex+4 Stlth-}
   (You acquired it on level 1 of the Depths)

   Dex+4:     It affects your dexterity (+4).
   rC++:      It greatly protects you from cold.
   Stlth-:    It makes you less stealthy.
 v - a +0 pair of gloves (worn)
 z - the +0 helmet "Baoge" {rElec rC- Dex+6 SInv}
   (You acquired it on level 2 of the Elven Halls)

   Dex+6:     It affects your dexterity (+6).
   rC-:       It makes you vulnerable to cold.
   rElec:     It insulates you from electricity.
   SInv:      It lets you see invisible.
 A - a +0 tower shield of reflection
 C - the +3 ring mail "Mauweej" (worn) {Int+8}
   (You bought it in a shop on level 2 of the Orcish Mines)

   Int+8:     It affects your intelligence (+8).
 E - the +2 helmet "Xuumelid" (worn) {rF- Will++ Int+5}
   (You found it on level 4 of the Depths)

   Int+5:     It affects your intelligence (+5).
   rF-:       It makes you vulnerable to fire.
   Will++:    It greatly increases your willpower.
 F - a +2 hat
 J - the +5 kite shield "Queriaf" (worn) {rF+}
   (You took it off a human on level 14 of the Dungeon)

   rF+:       It protects you from fire.
 Q - quicksilver dragon scales
 Z - the +3 robe of Clouds {*Thunder rCloud rElec}
   (You found it on level 5 of the Pits of Slime)

   *Thunder:  It occasionally creates storm clouds above nearby enemies.
   rCloud:    It grants its wearer immunity to clouds.
   rElec:     It insulates you from electricity.
Jewellery
 f - the amulet of Vitality (around neck) {RegenMP++ Regen++}
   (You bought it in a shop on level 2 of the Orcish Mines)

   [amulet of magic regeneration]

   RegenMP:   It increases your rate of magic regeneration.
   Regen++:   It increases your rate of health regeneration.
 h - a ring of ice
 o - the ring of Ochepsafa (left hand) {Fire rN+ rCorr Stlth+}
   (You took it off a deep elf zephyrmancer on level 3 of the Elven Halls)

   [ring of fire]

   Fire:      It enhances your fire magic.
   rF+:       It protects you from fire.
   rC-:       It makes you vulnerable to cold.
   rN+:       It protects you from negative energy.
   rCorr:     It protects you from acid and corrosion.
   Stlth+:    It makes you more stealthy.
 t - a +4 ring of protection
 u - a ring of wizardry
 w - the ring of Xom's Passing Interest (right hand) {rElec rCorr Str+6 Int+2 Dex-5}
   (You found it on level 5 of the Vaults)

   [ring of strength]

   Str+6:     It affects your strength (+6).
   Int+2:     It affects your intelligence (+2).
   Dex-5:     It affects your dexterity (-5).
   rElec:     It insulates you from electricity.
   rCorr:     It protects you from acid and corrosion.
 H - a +4 ring of protection
 L - a ring of poison resistance
 R - a ring of flight
 V - the ring "Wafuj" {rElec rN+}
   (You took it off a deep elf elementalist on level 3 of the Elven Halls)

   [ring of positive energy]

   rElec:     It insulates you from electricity.
   rN+:       It protects you from negative energy.
 Y - a ring of protection from fire
Wands
 q - a wand of mindburst (19)
 D - a wand of digging (19)
 I - a wand of flame (17)
 K - a wand of iceblast (76)
 S - a wand of quicksilver (60)
Scrolls
 j - 11 scrolls of teleportation
 k - 17 scrolls of immolation
 n - 7 scrolls of fear
 x - 8 scrolls of poison
 y - 8 scrolls of revelation
 M - 14 scrolls of fog
 W - 2 scrolls of blinking
Potions
 b - 6 potions of lignification
 c - 11 potions of invisibility
 l - 2 potions of magic
 m - a potion of haste
 p - 8 potions of might
 B - 14 potions of curing
 G - 4 potions of enlightenment
 N - 4 potions of cancellation
 O - a potion of mutation
 P - 3 potions of ambrosia
 U - a potion of heal wounds
 X - 5 potions of resistance
Miscellaneous
 a - a lightning rod (4/4)
 T - a phantom mirror


   Skills:
 - Level 13.4 Fighting
 - Level 3.3 Short Blades
 - Level 0.2 Maces & Flails
 * Level 14.6 Polearms
 - Level 8.4 Armour
 + Level 19.7 Dodging
 + Level 10.7 Stealth
 - Level 12.6 Shields
 - Level 24.4 Spellcasting
 - Level 3.9 Conjurations
 - Level 5.7 Hexes
 - Level 1.0 Summonings
 - Level 7.3 Translocations
 - Level 18.3 Fire Magic
 - Level 0.7 Ice Magic
 - Level 15.2 Air Magic
 * Level 11.4 Earth Magic
 + Level 7.0 Invocations
 + Level 1.8 Evocations


You had 12 spell levels left.
You knew the following spells:

 Your Spells              Type           Power      Damage    Failure   Level
a - Ensorcelled Hibernat  Hex/Ice        100%       N/A       1%          2
b - Tukima's Dance        Hex            84%        N/A       1%          3
c - Shock                 Conj/Air       100%       1d9       0%          1
d - Swiftness             Air            100%       N/A       0%          3
e - Airstrike             Air            58%        2d(9-25)  0%          4
f - Blink                 Tloc           100%       N/A       1%          2
g - Iskenderun's Mystic   Conj/Tloc      84%        2d17      1%          4
h - Summon Lightning Spi  Summ/Air       93%        N/A       1%          4
i - Fireball              Conj/Fire      63%        3d24      1%          5
j - Plasma Beam           Fire/Air       72%        2x1d89    1%          6
k - Ignition              Fire           74%        3d19      2%          8
l - Bombard               Conj/Erth      46%        9d8       4%          6
m - Conjure Ball Lightni  Conj/Air       49%        3x3d17    1%          6
n - Maxwell's Capacitive  Air            58%        ∞         9%          8

Your spell library contained the following spells:

 Spells                   Type           Power      Damage    Failure   Level
 Volatile Blastmotes      Fire/Tloc      100%       2d18      0%          3
 Freeze                   Ice            100%       1d10      1%          1
 Kiss of Death            Conj/Necr      100%       2d13      1%          1
 Magic Dart               Conj           100%       1d8       1%          1
 Necrotise                Necr           100%       1d9       1%          1
 Slow                     Hex            100%       N/A       1%          1
 Summon Small Mammal      Summ           100%       N/A       1%          1
 Call Imp                 Summ           100%       N/A       1%          2
 Cigotuvi's Dreadful Rot  Necr/Alch/Air  100%       N/A       1%          2
 Jinxbite                 Hex            100%       N/A       1%          2
 Lesser Beckoning         Tloc           100%       N/A       1%          2
 Mercury Vapours          Alch/Air       100%       N/A       1%          2
 Momentum Strike          Conj/Tloc      100%       3d10      1%          2
 Searing Ray              Conj           100%       2d8       1%          2
 Static Discharge         Conj/Air       100%       3-8/arc   1%          2
 Call Canine Familiar     Summ           61%        N/A       1%          3
 Confusing Touch          Hex            84%        N/A       1%          3
 Dazzling Flash           Conj/Hex       100%       N/A       1%          3
 Fugue of the Fallen      Necr           55%        N/A       1%          3
 Gell's Gravitas          Tloc           90%        N/A       1%          3
 Ozocubu's Armour         Ice            59%        N/A       1%          3
 Sigil of Binding         Hex            84%        N/A       1%          3
 Stone Arrow              Conj/Erth      100%       3d13      1%          3
 Summon Ice Beast         Ice/Summ       60%        N/A       1%          3
 Teleport Other           Tloc           90%        N/A       1%          3
 Anguish                  Hex/Necr       35%        N/A       1%          4
 Animate Armour           Summ/Erth      100%       N/A       1%          4
 Brom's Barrelling Bould  Conj/Erth      92%        2d10      1%          4
 Cause Fear               Hex            42%        N/A       1%          4
 Dimensional Bullseye     Hex/Tloc       43%        N/A       1%          4
 Ignite Poison            Fire/Alch      100%       N/A       1%          4
 Manifold Assault         Tloc           90%        N/A       1%          4
 Passage of Golubria      Tloc           90%        N/A       1%          4
 Sticky Flame             Fire/Alch      100%       2d15      1%          4
 Summon Blazeheart Golem  Fire/Summ      100%       N/A       1%          4
 Vhi's Electric Charge    Tloc/Air       100%       N/A       1%          4
 Arcjolt                  Conj/Air       49%        1d59      1%          5
 Borgnjor's Vile Clutch   Necr/Erth      42%        N/A       1%          5
 Freezing Cloud           Conj/Ice/Air   44%        6-21      1%          5
 Lee's Rapid Deconstruct  Erth           52%        3d25*     1%          5
 Silence                  Hex/Air        50%        N/A       1%          5
 Fulminant Prism          Conj/Alch      33%        3d16      3%          4
 Iskenderun's Battlesphe  Conj           76%        2d12      3%          5
 Metabolic Englaciation   Hex/Ice        36%        N/A       4%          5
 Summon Mana Viper        Hex/Summ       73%        N/A       4%          5
 Martyr's Knell           Necr/Summ      58%        N/A       5%          4
 Dispersal                Tloc           45%        N/A       5%          6
 Yara's Violent Unravell  Hex/Alch       35%        3d14      6%          5
 Animate Dead             Necr           55%        N/A       7%          4
 Enfeeble                 Hex            42%        N/A       50%         7
 Summon Cactus Giant      Summ           30%        N/A       56%         6
 Sculpt Simulacrum        Ice/Alch       28%        N/A       65%         6
 Death Channel            Necr           27%        N/A       71%         6
 Orb of Destruction       Conj           38%        9d11      75%         7
 Lehudib's Crystal Spear  Conj/Erth      46%        10d11     88%         8
 Spellforged Servitor     Conj/Summ      34%        N/A       90%         7
 Disjunction              Tloc           45%        N/A       92%         8
 Monstrous Menagerie      Summ           30%        N/A       98%         7
 Haunt                    Necr/Summ      29%        N/A       99%         7
 Ozocubu's Refrigeration  Ice            29%        4d14      99%         7
 Discord                  Hex            42%        N/A       99%         8
 Infestation              Necr           27%        N/A       100%        8
 Chain Lightning          Conj/Air       49%        3d66      100%        9
 Dragon's Call            Summ           30%        N/A       100%        9
 Polar Vortex             Ice            29%        12d3*     100%        9
 Borgnjor's Revivificati  Necr           Unusable   N/A       N/A         8
 Death's Door             Necr           Unusable   N/A       N/A         9

Dungeon Overview and Level Annotations

Branches:
Dungeon (15/15)            Temple (1/1) D:4            Lair (5/5) D:8
 Shoals (4/4) Lair:3        Snake (4/4) Lair:2        Slime (5/5) Lair:4
    Orc (2/2) D:11            Elf (3/3) Orc:2        Vaults (5/5) D:14
  Crypt (0/3) Vaults:3     Depths (4/4) D:15            Zot (5/5) Depths:4
  IceCv (visited)

Altars:
Ashenzari
Cheibriados
Dithmenos
Fedhas
Gozag
Hepliaklqana
Kikubaaqudgha
Makhleb
Nemelex Xobeh
Okawaru
Qazlal
Ru
Sif Muna
Trog
Uskayaw
Vehumet
Wu Jian
Xom
Yredelemnul
Jiyva
Lugonu

Shops:
Orc:2 (((*=[   Elf:3 =   Shoals:1 *??(:   Shoals:3 [   Vaults:3 =
Depths:1 ?[*

Portals:
Hell: Depths:1 Depths:2 Depths:3 Depths:4
Abyss: Depths:3
Pandemonium: Depths:2 Depths:4
Ziggurat: Depths:1

Annotations:
D:5 1 exclusion, Dowan, Duvessa
D:7 2 runed translucent doors, flinslave4's ghost, amateur MiFi
D:12 1 runed translucent door
Lair:3 2 transporters, Punchie's ghost, journeyman MiFi
Lair:4 1 runed translucent door
Shoals:1 1 runed translucent door, SmeltedSoul's ghost, journeyman GrFi
Snake:1 Roxanne
Elf:1 3 runed translucent doors, Xipsac's ghost, veteran DjFE


Innate Abilities, Weirdness & Mutations

Your natural rate of healing is accelerated.
You have razor-sharp teeth.
You have supernaturally acute eyesight. (SInv)
You are afflicted with vampirism and can become a bat while bloodless.
You have large cloven feet.
You are clumsy. (Dex -2)
Your flesh is cold resistant. (rC+)
Your muscles are strong. (Str +4, Int/Dex -1)


Message History

Unknown command.
Unknown command.
What level of the Dungeon? (default 1, ? - help)
There is an open door here.
Magic restored.
A red devil comes into view. It is wielding a +0 trident.
You feel a surge of power!
The bolt of lightning misses the red devil.
The fiery plasma hits the red devil.
The red devil completely resists.
You feel a surge of power!
The bolt of lightning hits the red devil!!!!
You kill the red devil!
Dithmenos accepts your kill.
You can't see any susceptible monsters within range! (Use Z to cast anyway.) Unknown command.
You can't see any susceptible monsters within range! (Use Z to cast anyway.)
You can't see any susceptible monsters within range! (Use Z to cast anyway.)
There is a stone staircase leading up here.
You climb upwards.
There is a stone staircase leading down here.
Magic restored.
A sixfirhy comes into view.
You feel a surge of power!
The bolt of lightning hits the sixfirhy.
The sixfirhy completely resists.
The fiery plasma hits the sixfirhy!!!
You kill the sixfirhy!
Dithmenos accepts your kill.
You can't see any susceptible monsters within range! (Use Z to cast anyway.)
You can't see any susceptible monsters within range! (Use Z to cast anyway.)
You can't see any susceptible monsters within range! (Use Z to cast anyway.)
There is an escape hatch in the ceiling here.
A mysterious force pulls you upwards. The hatch slams shut behind you.
There is a stone staircase leading up here.
You climb upwards.
There is a stone staircase leading down here.
You open the door.
There is an open door here.
There is an open door here.
There is a staircase leading out of the dungeon here.
You have escaped!

#.##########.#.##.##..########
# #.#.##.###..##
#.#.##.##....# #.#....##.##.#
#.###'###'##.# #.##...#...#.#
#.##...#.>.#.# #...#...#.#
#.@.#.>.#)# #...#...#.#
#...#.>.#.### ##
#...#...#...### ##.
##+###+####...###.. ###..##.#
##....# #..†... #......


There were no monsters in sight!

Vanquished Creatures
  the Royal Jelly (Slime:5)
  2 dread liches
  8 orbs of fire (Zot:5)
  4 ancient liches
  A pandemonium lord (D:12)
  Xtahua (Vaults:3)
  5 Killer Klowns
  2 curse toes
  15 golden dragons
  A pearl dragon (Depths:3)
  3 profane servitors
  5 bone dragons
  3 electric golems
  2 hellephants
  19 tentacled monstrosities
  26 Orb Guardians
  2 deep elf blademasters (Elf:3)
  3 titans
  A walking divine tome (Depths:2)
  10 quicksilver dragons
  2 deep elf master archers (Elf:3)
  8 liches
  16 acid blobs
  8 sphinxes
  5 death cobs
  Kirke (D:14)
  The ghost of Arto the Brawler, an adept TrFi of the Shining One (Depths:1)
  2 Executioners
  Gastronok (D:7)
  18 tentacled starspawn
  9 shadow dragons
  8 tengu reavers
  13 storm dragons
  4 draconian monks
  4 nagarajas (Snake:4)
  10 azure jellies
  8 rockslimes
  A protean progenitor (Zot:3)
  A daeva (Abyss:3)
  3 draconian knights
  9 fire giants
  10 frost giants
  3 draconian shifters
  5 deep elf elementalists (Elf:3)
  8 deep elf sorcerers
  An iron dragon (Depths:1)
  2 ghost moths
  Louise (D:14)
  22 vault wardens
  2 draconian scorchers
  A balrug (Abyss:2)
  3 orc warlords
  2 cacodemons (Abyss:3)
  2 draconian annihilators (Zot:1)
  16 stone giants
  A spriggan defender (Depths:2)
  15 ironbound preservers
  14 quicksilver oozes
  An angel (Abyss:3)
  10 ironbound thunderhulks
  20 very ugly things
  4 vampire knights
  4 draconian stormcallers
  10 formless jellyfish
  3 deep elf death magi (Elf:3)
  5 black draconians
  7 deep elf demonologists
  8 white draconians
  11 green draconians
  4 war gargoyles
  9 yellow draconians
  11 red draconians
  8 spark wasps
  17 dire elephants
  10 deep elf annihilators
  6 purple draconians
  3 eidola
  2 blizzard demons
  9 merfolk javelineers
  2 crystal guardians (Vaults:3)
  12 ettins
  6 fire dragons
  2 jiangshi (Depths:1)
  2 entropy weavers
  12 merfolk impalers
  12 yaktaur captains
  36 vault guards
  2 deep elf high priests
  9 great orbs of eyes
  5 hydras
  4 rakshasas
  3 spriggan air magi
  2 ogre magi
  4 salamander tyrants
  2 caustic shrike simulacra (IceCv)
  A hell beast (Depths:4)
  7 ice dragons
  2 juggernaut simulacra
  5 two-headed ogres
  4 catoblepae (Lair:5)
  2 alligator snapping turtles (Shoals:4)
  4 centaur warriors
  4 merfolk avatars
  2 peacekeepers
  6 ironbound frosthearts
  33 dancing weapons
  2 merfolk aquamancers
  An alligator (Zot:3)
  3 death knights
  3 boulder beetles
  12 anacondas
  3 satyrs (Shoals:4)
  3 tengu warriors
  10 hell hogs
  14 naga warriors
  An orc high priest (Orc:2)
  8 deep troll earth magi
  8 deep troll shamans
  8 death yaks
  3 vampire magi
  4 shock serpents
  8 naga sharpshooters
  5 hell knights
  2 soul eaters
  12 thrashing horrors
  17 deep elf knights
  2 skysharks
  A skeletal warrior (D:15)
  2 spriggan berserkers (Depths:3)
  7 sixfirhies
  2 sun demons
  8 wretched stars
  5 salamander mystics
  A deep troll (shapeshifter) (Vaults:5)
  9 sea snakes
  7 iron trolls
  A shadow demon (Abyss:3)
  9 glowing orange brains
  38 deep trolls
  2 spatial maelstroms (Abyss:3)
  36 large abominations
  12 naga ritualists
  12 deep elf archers
  9 arcanists
  19 ironbound convokers
  7 mana vipers
  6 flayed ghosts
  12 phantasmal warriors
  2 spriggan simulacra (Snake:4)
  17 lindwurms
  27 deep elf pyromancers
  3 necromancers
  32 deep elf zephyrmancers
  9 orc knights
  A shadow dragon skeleton (Depths:2)
  11 harpies
  A will-o-the-wisp (Abyss:2)
  27 ugly things
  53 starcursed masses
  5 orc sorcerers
  5 shining eyes
  3 worldbinders
  Maurice (D:8)
  15 moths of wrath
  21 manticores
  17 fauns
  An oklob plant (Lair:5)
  4 cyclopes
  16 salamanders
  9 meliai
  5 merfolk sirens
  13 elephants
  19 naga magi
  40 black mambas
  3 eyes of devastation
  4 guardian serpents
  5 water nymphs
  23 vault sentinels
  A kobold blastminer (Orc:2)
  5 orange demons
  Maggie (D:8)
  7 torpor snails
  13 cane toads
  10 smoke demons
  Jeremiah (D:7)
  5 freezing wraiths
  An unseen horror (D:8)
  2 kobold demonologists (D:10)
  4 rime drakes
  2 ice devils (Abyss:3)
  4 efreet
  A hellion (Depths:4)
  7 komodo dragons
  2 tengu conjurers
  29 yaktaurs
  3 red devils
  11 ancient zymes
  A golden dragon simulacrum (Depths:2)
  3 hellwings
  29 merfolk
  5 trolls
  A polar bear (Lair:5)
  3 alligator simulacra
  8 hornets
  9 wind drakes
  A snapping turtle (shapeshifter) (Vaults:4)
  6 dream sheep
  2 glass eyes
  A raiju (shapeshifter) (Abyss:3)
  3 tyrant leeches (Lair:5)
  16 blink frogs
  A dream sheep (shapeshifter) (Vaults:5)
  44 raiju
  7 snapping turtles
  86 slime creatures
  2 air elementals
  5 wraiths
  31 yaks
  2 shadows
  A centaur simulacrum (D:15)
  7 ynoxinuls
  15 small abominations
  11 water elementals
  A hog (D:14)
  4 vampires
  A dire elephant simulacrum (IceCv)
  3 basilisks
  5 wyverns
  3 fire elementals
  12 golden eyes
  3 steam dragons
  17 humans
  2 wargs (Orc:2)
  2 minotaur simulacra (Snake:4)
  3 redbacks (Vaults:1)
  6 vampire mosquitoes
  2 redbacks (shapeshifter)
  3 neqoxecs
  4 harpy simulacra
  9 spatial vortices (Abyss:3)
  9 chaos spawn
  3 acid dragons
  A glowing shapeshifter zombie (Depths:2)
  A swamp worm (shapeshifter) (Abyss:3)
  45 nagas
  14 water moccasins
  8 hell hounds
  A swamp drake (D:8)
  28 orc warriors
  An ice beast (Abyss:3)
  A sky beast (shapeshifter) (D:15)
  A black bear (D:5)
  2 sky beasts (D:6)
  An ice beast (shapeshifter) (Vaults:5)
  16 laughing skulls
  8 boggarts
  17 wolves
  5 ogres
  8 centaurs
  A weeping skull (Abyss:2)
  6 kobold brigands
  A nameless horror (Vaults:4)
  A brain worm (Abyss:3)
  A gnoll sergeant (D:11)
  A bullfrog (shapeshifter) (D:15)
  8 bullfrogs
  A necrophage (D:6)
  An earth elemental (Elf:3)
  A naga simulacrum (Abyss:3)
  A water moccasin zombie (D:5)
  4 scorpions
  9 wights
  2 lindwurm simulacra
  A howler monkey (D:9)
  2 vampire bats (D:8)
  2 bullfrog zombies (D:5)
  5 centaur zombies
  4 hounds
  8 jellies
  A bombardier beetle (D:6)
  4 quasits
  A human zombie (D:6)
  20 orc priests
  A centaur skeleton (D:5)
  2 iguanas
  An iron imp (Abyss:2)
  3 sleepcaps
  5 hell rats (Lair:2)
  31 orc wizards
  4 killer bee zombies (D:6)
  A hound zombie (D:5)
  2 howler monkey zombies (D:6)
  12 gnolls
  A howler monkey skeleton (D:5)
  7 adders
  A shadow imp (D:13)
  7 white imps
  2 ufetubi
  2 adder zombies (D:5)
  3 dart slugs
  3 ribbon worms
  74 orcs
  2 bats
  5 bat zombies (D:8)
  14 endoplasms
  4 giant cockroaches
  8 goblins
  2 hobgoblins (D:2)
  13 jackals
  3 quokkas
  3 training dummies (Orc:2)
  6 ball pythons
  3 frilled lizards
  36 kobolds
  8 rats
  An aspiring flesh (Zot:3)
  2 lurking horrors (Abyss:3)
  15 starspawn tentacles (Abyss:3)
2459 creatures vanquished.

Vanquished Creatures (collateral kills)
  Jory (Vaults:4)
  A sphinx (Vaults:1)
  A tengu reaver (Vaults:5)
  2 vault wardens
  2 ironbound preservers (Vaults:1)
  A dire elephant (Vaults:3)
  A deep elf death mage (Vaults:5)
  A vault guard (Vaults:1)
  2 ironbound frosthearts (Vaults:3)
  A hell knight (Vaults:5)
  A deep troll (Vaults:1)
  An orc knight (Vaults:5)
  A vault sentinel (Vaults:2)
  An orc warrior (Vaults:5)
  A boggart (Vaults:2)
  An orc priest (Vaults:5)
  An orc wizard (D:11)
  4 gnolls
  3 orcs
27 creatures vanquished.

Vanquished Creatures (others)
  A fire giant (Depths:1)
  An ice dragon (Abyss:3)
  An ogre mage (Abyss:3)
  A hell knight (Vaults:5)
  A deep elf knight (Elf:1)
  A deep elf pyromancer (Elf:1)
  3 large abominations (Abyss:3)
  3 ancient zymes (Abyss:3)
  A wyvern (Abyss:3)
  7 fire bats (Abyss:3)
  A yak (D:9)
  7 humans (D:14)
  6 chaos spawn (Abyss:3)
  2 dancing weapons
  An ice beast (Abyss:3)
  A small abomination (Abyss:3)
  A howler monkey (D:9)
  6 ball lightnings (Abyss:3)
  A lurking horror (Abyss:3)
  33 starspawn tentacles (Abyss:3)
79 creatures vanquished.

Grand Total: 2565 creatures vanquished

Notes
Turn   | Place    | Note
-------+----------+-------------------------------------------
     0 | D:1      | SirRobin the Vampire Enchanter began the quest for the Orb.
     0 | D:1      | Reached XP level 1. HP: 13/13 MP: 3/3
   169 | D:1      | Reached XP level 2. HP: 12/19 MP: 5/5
   172 | D:1      | Learned a level 2 spell: Ensorcelled Hibernation
   207 | D:1      | Reached skill level 5 in Hexes
   438 | D:1      | You fall into a shaft and drop 1 floor!
   605 | D:2      | Reached skill level 5 in Stealth
   701 | D:2      | Gained mutation: You are afflicted with vampirism and can
                  | become a bat while bloodless. [Vampire growth]
   701 | D:2      | Reached XP level 3. HP: 24/24 MP: 6/6
   705 | D:2      | Learned a level 3 spell: Tukima's Dance
   796 | D:2      | Learned a level 1 spell: Shock
   860 | D:2      | Found a faded altar of an unknown god.
  1220 | D:2      | Reached XP level 4. HP: 30/31 MP: 0/7
  1469 | D:2      | Reached skill level 1 in Air Magic
  1692 | D:3      | Found a sparkling altar of Nemelex Xobeh.
  2542 | D:3      | Reached XP level 5. HP: 29/36 MP: 3/9
  2570 | D:3      | Identified the +4 pair of boots "Hademem" {Will+++ Str+4
                  | Int-2}
  2726 | D:3      | Reached skill level 1 in Fighting
  2789 | D:3      | Reached skill level 3 in Spellcasting
  2849 | D:3      | Found a shimmering blue altar of Sif Muna.
  2849 | D:3      | Found a hazy altar of Hepliaklqana.
  2849 | D:3      | Found a blossoming altar of Fedhas.
  2849 | D:3      | Found a shimmering altar of Xom.
  3055 | D:3      | Reached skill level 1 in Conjurations
  3173 | D:3      | Reached XP level 6. HP: 43/43 MP: 5/10
  3977 | D:4      | Learned a level 3 spell: Swiftness
  4028 | D:4      | Reached skill level 1 in Armour
  4161 | D:4      | Reached XP level 7. HP: 38/49 MP: 7/12
  4357 | D:4      | Found a staircase to the Ecumenical Temple.
  4368 | Temple   | Entered the Ecumenical Temple
  4385 | Temple   | Became a worshipper of Dithmenos the Shadowed
  4547 | D:4      | Reached skill level 4 in Spellcasting
  4566 | D:4      | Found a broken altar of Ashenzari.
  4710 | D:5      | Entered Level 5 of the Dungeon
  4867 | D:5      | Identified 2 scrolls of acquirement
  4870 | D:5      | Acquired a staff of air
  4873 | D:5      | Acquired 761 gold pieces
  5343 | D:4      | Learned a level 4 spell: Airstrike
  5811 | D:5      | Reached XP level 8. HP: 57/57 MP: 9/15
  5821 | D:5      | Reached skill level 1 in Invocations
  5824 | D:5      | Reached * piety under Dithmenos
  5923 | D:5      | Reached skill level 5 in Spellcasting
  6260 | D:5      | Noticed Duvessa
  6260 | D:5      | Noticed Dowan
  6823 | D:6      | Found a hide-covered altar of Uskayaw.
  7087 | D:6      | Found a basalt altar of Yredelemnul.
  7097 | D:6      | Reached ** piety under Dithmenos
  7187 | D:6      | Reached XP level 9. HP: 63/65 MP: 13/17
  7444 | D:6      | Found an ornate altar of the Wu Jian Council.
  7611 | D:6      | Reached skill level 6 in Spellcasting
  7617 | D:6      | Reached skill level 5 in Air Magic
  7703 | D:7      | Noticed Jeremiah
  7714 | D:7      | Killed Jeremiah
  7768 | D:7      | Found a large runed translucent door.
  7768 | D:7      | Found a large runed translucent door.
  7769 | D:7      | Noticed flinslave4's ghost (amateur MiFi)
  8643 | D:7      | Reached skill level 7 in Spellcasting
  8772 | D:8      | Reached *** piety under Dithmenos
  8834 | D:8      | Noticed Gastronok
  8886 | D:8      | Found a bloodstained altar of Trog.
  8927 | D:8      | Noticed Maggie
  8932 | D:8      | Killed Maggie
  8933 | D:8      | Reached XP level 10. HP: 73/73 MP: 2/20
  9194 | D:7      | Killed Gastronok
  9195 | D:7      | Reached skill level 1 in Shields
  9441 | D:8      | Reached skill level 5 in Fighting
  9858 | D:8      | Reached skill level 8 in Spellcasting
  9931 | D:8      | Identified the +9 whip of Watchfulness {flame, ^Fragile
                  | rElec rN+}
 10050 | D:8      | Found a staircase to the Lair.
 10054 | D:8      | Noticed Maurice
 10061 | Lair:1   | Entered Level 1 of the Lair of Beasts
 10256 | Lair:1   | Noticed a cane toad
 10259 | Lair:1   | Noticed a cane toad
 10260 | Lair:1   | Killed a cane toad
 10260 | Lair:1   | Noticed a cane toad
 10261 | Lair:1   | Reached skill level 1 in Polearms
 10261 | Lair:1   | Reached XP level 11. HP: 80/80 MP: 3/23
 11094 | Lair:2   | Reached skill level 9 in Spellcasting
 11220 | Lair:2   | Found a staircase to the Snake Pit.
 11290 | Lair:2   | Noticed a four-headed hydra
 11634 | Lair:2   | Reached **** piety under Dithmenos
 12115 | Lair:2   | Killed a four-headed hydra
 12381 | Lair:3   | Noticed a spriggan rider
 12382 | Lair:3   | Noticed Punchie's ghost (journeyman MiFi)
 12382 | Lair:3   | Noticed a spriggan rider
 12393 | Lair:3   | Found a transporter.
 12413 | Lair:3   | Found a transporter.
 12481 | Lair:3   | Found a bloodstained altar of Trog.
 12903 | Lair:3   | Reached skill level 10 in Air Magic
 12962 | Lair:3   | Reached skill level 10 in Spellcasting
 12998 | Lair:3   | Reached XP level 12. HP: 84/87 MP: 18/26
 14030 | Lair:3   | Found a staircase to the Shoals.
 14377 | Lair:3   | Reached skill level 5 in Armour
 14752 | Lair:4   | Learned a level 2 spell: Blink
 14757 | Lair:4   | Learned a level 4 spell: Iskenderun's Mystic Blast
 14902 | Lair:4   | Found a staircase to the Slime Pits.
 14934 | Lair:4   | Reached skill level 11 in Spellcasting
 14981 | Lair:4   | Found a viscous altar of Jiyva.
 15268 | Lair:4   | Found a runed translucent door.
 15283 | Lair:4   | Noticed a reaper
 15520 | Lair:5   | Entered Level 5 of the Lair of Beasts
 15611 | Lair:5   | Noticed a death yak
 15611 | Lair:5   | Noticed a death yak
 15611 | Lair:5   | Noticed a death yak
 15611 | Lair:5   | Noticed a death yak
 15611 | Lair:5   | Noticed a death yak
 15630 | Lair:5   | Killed a death yak
 15820 | Lair:4   | Killed a death yak
 15922 | Lair:5   | Noticed an eight-headed hydra
 15930 | Lair:5   | Killed an eight-headed hydra
 15931 | Lair:5   | Reached skill level 1 in Translocations
 16168 | Lair:5   | Noticed a catoblepas
 16176 | Lair:5   | Noticed a six-headed hydra
 16177 | Lair:5   | Killed a catoblepas
 16178 | Lair:5   | Reached XP level 13. HP: 76/95 MP: 12/28
 17908 | Lair:5   | Reached skill level 12 in Spellcasting
 19767 | Lair:5   | Reached skill level 5 in Shields
 21123 | Lair:5   | Reached XP level 14. HP: 103/103 MP: 15/30
 21155 | Lair:5   | Got the Anthology of Violence and the Cumulonimbus
 21161 | Lair:5   | Learned a level 4 spell: Summon Lightning Spire
 21488 | D:8      | Found a hazy altar of Hepliaklqana.
 21567 | D:8      | Found a sacrificial altar of Ru.
 21633 | D:8      | Found an ancient bone altar of Kikubaaqudgha.
 21636 | D:8      | Reached ***** piety under Dithmenos
 21798 | D:8      | Killed Maurice
 21799 | D:8      | Reached skill level 5 in Polearms
 22558 | D:9      | Found a shimmering altar of Xom.
 23086 | D:10     | Entered Level 10 of the Dungeon
 23236 | D:10     | Reached skill level 13 in Spellcasting
 23843 | D:10     | Found a shimmering blue altar of Sif Muna.
 25080 | D:11     | Found a staircase to the Orcish Mines.
 25852 | D:12     | Found a runed translucent door.
 25853 | D:12     | Found a hide-covered altar of Uskayaw.
 26369 | Orc:1    | Entered Level 1 of the Orcish Mines
 26460 | Orc:1    | Noticed an orc warlord
 26474 | Orc:1    | Killed an orc warlord
 27014 | D:13     | Identified the +9 long sword "Uqyolodd" {drain, Str+3}
 27223 | D:14     | Noticed Louise
 27232 | D:14     | Killed Louise
 27411 | D:14     | Reached ****** piety under Dithmenos
 27464 | D:14     | Noticed Kirke
 27469 | D:14     | Killed Kirke
 28015 | D:14     | Reached skill level 14 in Spellcasting
 28018 | D:14     | Reached XP level 15. HP: 73/110 MP: 14/33
 28073 | D:14     | Identified the +5 kite shield "Queriaf" {rF+}
 28322 | D:14     | Found a gate to the Vaults.
 28715 | Snake:1  | Entered Level 1 of the Snake Pit
 29533 | Snake:1  | Identified the +8 flail "Guts" {vamp, rF++}
 29855 | Snake:1  | Noticed Roxanne
 31166 | Snake:2  | Reached skill level 15 in Spellcasting
 33047 | Snake:3  | Found a shimmering altar of Xom.
 33517 | Snake:3  | Reached XP level 16. HP: 120/120 MP: 14/35
 34350 | D:11     | Reached skill level 5 in Translocations
 34676 | Orc:2    | Entered Level 2 of the Orcish Mines
 34676 | Orc:2    | Found a staircase to the Elven Halls.
 34676 | Orc:2    | Found Ceasukhlilli's Antique Weapon Shoppe.
 34733 | Orc:2    | Found Seonuune's Firing Range.
 35976 | Orc:2    | Reached skill level 15 in Air Magic
 36012 | Orc:2    | Found Toicheunt's General Store.
 36016 | Orc:2    | Found Vapuot's Antique Armour Shoppe.
 36175 | Orc:2    | Found Eroyh's Jewellery Shoppe.
 36181 | Orc:2    | Bought the amulet of Vitality {RegenMP++ Regen++} for 1000
                  | gold pieces
 36181 | Orc:2    | Found the amulet of Vitality {RegenMP++ Regen++}
 36217 | Orc:2    | Found Fucrurasy's Antique Weapon Shoppe.
 36554 | Orc:2    | Bought a steaming ring mail for 306 gold pieces
 36554 | Orc:2    | Identified the +3 ring mail "Mauweej" {Int+8} (You bought
                  | it in a shop on level 2 of the Orcish Mines)
 36798 | Shoals:1 | Entered Level 1 of the Shoals
 36969 | Shoals:1 | Found Ikuuliuk's Magic Scroll Boutique.
 36973 | Shoals:1 | Found Ugroi's Assorted Antiques.
 37024 | Shoals:1 | Bought a scroll of enchant armour for 270 gold pieces
 37024 | Shoals:1 | Bought a scroll of revelation for 270 gold pieces
 37024 | Shoals:1 | Bought a scroll of immolation for 144 gold pieces
 37024 | Shoals:1 | Bought a potion of curing for 108 gold pieces
 37178 | Shoals:1 | Found Weutoil's Magic Scroll Emporium.
 37179 | Shoals:1 | Found Mempoyje's Antique Weapon Shop.
 37233 | Shoals:1 | Bought 2 scrolls of blinking for 255 gold pieces
 37233 | Shoals:1 | Bought a scroll of blinking for 127 gold pieces
 37233 | Shoals:1 | Bought a scroll of teleportation for 51 gold pieces
 37251 | Shoals:1 | Reached skill level 16 in Spellcasting
 37294 | Shoals:1 | Found Rojipes's Book Emporium.
 37297 | Shoals:1 | Bought a book of the Spheres for 832 gold pieces
 37303 | Shoals:1 | Learned a level 5 spell: Fireball
 37709 | Shoals:1 | Found a runed translucent door.
 37710 | Shoals:1 | Found a shimmering altar of Xom.
 37710 | Shoals:1 | Noticed SmeltedSoul's ghost (journeyman GrFi)
 37985 | Shoals:2 | Reached skill level 1 in Fire Magic
 38549 | Shoals:3 | Found Qixyon's Armour Shop.
 39011 | Shoals:4 | Entered Level 4 of the Shoals
 39376 | Shoals:4 | Reached skill level 17 in Spellcasting
 39538 | Shoals:4 | Reached XP level 17. HP: 127/127 MP: 22/38
 40290 | Shoals:4 | Reached skill level 10 in Fighting
 40325 | Shoals:4 | Reached skill level 18 in Spellcasting
 40390 | Shoals:4 | Got a barnacled rune of Zot
 41043 | Snake:4  | Entered Level 4 of the Snake Pit
 41273 | Snake:4  | Found a glacial archway.
 41291 | IceCv    | Entered an ice cave
 41497 | IceCv    | Found a transporter.
 41507 | IceCv    | Found a transporter.
 42115 | Snake:4  | Reached skill level 19 in Spellcasting
 42261 | Snake:4  | Reached XP level 18. HP: 120/136 MP: 11/41
 42307 | Snake:4  | Got a serpentine rune of Zot
 42955 | D:15     | Entered Level 15 of the Dungeon
 43491 | D:15     | Found a staircase to the Depths.
 44136 | Vaults:1 | Entered Level 1 of the Vaults
 44155 | Vaults:1 | Paralysed by a formless jellyfish for 1 turns
 45129 | Vaults:1 | Reached skill level 20 in Spellcasting
 46391 | Vaults:1 | Reached skill level 5 in Fire Magic
 46523 | Vaults:1 | Got the Encyclopedia of Ozone
 46531 | Vaults:1 | Learned a level 6 spell: Plasma Beam
 47463 | Vaults:2 | Reached XP level 19. HP: 142/142 MP: 16/43
 47514 | Vaults:2 | Paralysed by a formless jellyfish for 1 turns
 47585 | Vaults:2 | Reached skill level 21 in Spellcasting
 48628 | Vaults:2 | Got Sif Muna's Textbook on Command
 49397 | Vaults:3 | Noticed Xtahua
 49447 | Vaults:3 | Killed Xtahua
 50180 | Vaults:3 | Reached skill level 22 in Spellcasting
 50327 | Vaults:3 | Found a staircase to the Crypt.
 50734 | Vaults:3 | Found Lomaosh's Jewellery Emporium.
 51318 | Vaults:4 | Noticed Jory
 51336 | Vaults:4 | Killed Jory
 51706 | Vaults:4 | Reached XP level 20. HP: 133/151 MP: 10/46
 52177 | Vaults:4 | Identified the staff of Gozag's Displeasure {+Blink rC++
                  | Dex-5 SInv Earth}
 53757 | Shoals:1 | Bought an Everburning Encyclopedia for 494 gold pieces
 54000 | Elf:1    | Entered Level 1 of the Elven Halls
 54009 | Elf:1    | Reached skill level 23 in Spellcasting
 54148 | Elf:1    | Found a runed translucent gate.
 54148 | Elf:1    | Found a runed translucent gate.
 54148 | Elf:1    | Found a runed translucent gate.
 54149 | Elf:1    | Noticed Xipsac's ghost (veteran DjFE)
 55815 | Elf:2    | Acquired the +0 helmet "Baoge" {rElec rC- Dex+6 SInv}
 56159 | Elf:2    | Found a huge runed translucent gate.
 56159 | Elf:2    | Found a huge runed translucent gate.
 56159 | Elf:2    | Found a huge runed translucent gate.
 56159 | Elf:2    | Found a huge runed translucent gate.
 56160 | Elf:2    | Found a huge runed translucent gate.
 57108 | Elf:3    | Entered Level 3 of the Elven Halls
 57132 | Elf:2    | Reached skill level 24 in Spellcasting
 57598 | Elf:3    | Reached XP level 21. HP: 159/159 MP: 39/49
 57660 | Elf:3    | Found Huhiuw's Jewellery Shoppe.
 57753 | Elf:3    | Reached skill level 10 in Shields
 58400 | Elf:3    | Identified the ring "Wafuj" {rElec rN+}
 59174 | Elf:3    | Identified the +4 halberd "Haigiahodi" {venom, rElec rF-
                  | Int+6 Stlth-}
 59174 | Elf:3    | Identified the ring of Ochepsafa {Fire rN+ rCorr Stlth+}
 59176 | Elf:3    | Identified the +4 plate armour "Sainogh" {Dex+4}
 59179 | Elf:3    | Identified the +7 morningstar of the Enemy {vamp, rElec
                  | rF+}
 59466 | Elf:3    | Identified the storm talisman of Limili {+Blink rC- Int+7}
 59487 | Elf:3    | Identified the staff "Xoq Gaut" {rElec rPois Will- rCorr
                  | Earth Alchemy}
 60120 | Elf:3    | Learned a level 8 spell: Ignition
 60317 | Depths:1 | Entered Level 1 of the Depths
 60338 | Depths:1 | Reached skill level 5 in Dodging
 61132 | Depths:1 | Found Muwky's Assorted Antiques.
 61134 | Depths:1 | Found Cuykaem's Antique Armour Emporium.
 61140 | Depths:1 | Found Ymnutuna's Magic Scroll Shoppe.
 61146 | Depths:1 | Bought a crude cloak for 380 gold pieces
 61146 | Depths:1 | Identified the +3 cloak of Elyvilon's Regard {+Blink Str+3
                  | Int+3} (You bought it in a shop on level 1 of the Depths)
 61162 | Depths:1 | Bought a scroll of acquirement for 780 gold pieces
 61162 | Depths:1 | Acquired the +2 pair of boots "Ogisej" {rC++ Dex+4 Stlth-}
 61298 | Depths:1 | Found a runed translucent door.
 61351 | Depths:1 | Noticed Arto's ghost (adept TrFi)
 61389 | Depths:1 | Found a gateway to Hell.
 61609 | Depths:1 | Found a corrupted altar of Lugonu.
 61611 | Depths:1 | Noticed a dread lich
 61889 | Depths:1 | Killed Arto's ghost
 61916 | Depths:1 | Got the Lectures on Hurting
 62053 | Depths:1 | Found a one-way gateway to a ziggurat.
 62203 | Depths:1 | Killed a dread lich
 62977 | Depths:2 | Paralysed by a sphinx for 2 turns
 63388 | Depths:2 | Found a one-way gate leading to the halls of Pandemonium.
 63770 | Depths:2 | Reached XP level 22. HP: 168/168 MP: 37/50
 63860 | Depths:3 | Noticed a golden dragon
 63876 | Depths:2 | Killed a golden dragon
 64159 | Depths:3 | Found a broken altar of Ashenzari.
 64296 | Depths:3 | Noticed a golden dragon
 64469 | Depths:2 | Killed a golden dragon
 64645 | Depths:3 | Reached skill level 10 in Fire Magic
 65406 | Depths:3 | Reached skill level 10 in Dodging
 65647 | Depths:3 | Found a corrupted altar of Lugonu.
 65647 | Depths:3 | Found a one-way gate to the infinite horrors of the Abyss.
 65930 | Depths:4 | Entered Level 4 of the Depths
 66250 | Depths:4 | Identified the +2 helmet "Xuumelid" {rF- Will++ Int+5}
 66611 | Depths:4 | Noticed a golden dragon
 66632 | Depths:4 | Killed a golden dragon
 66814 | Depths:4 | Noticed a golden dragon
 66912 | Depths:4 | Identified the +8 war axe of the Special Coins {flame,
                  | Will+ Int+3 Dex+2}
 67148 | Depths:4 | Noticed a golden dragon
 67160 | Depths:4 | Killed a golden dragon
 67660 | Depths:4 | Found a gate to the Realm of Zot.
 67690 | Depths:4 | Killed a golden dragon
 67691 | Depths:4 | Reached skill level 1 in Summonings
 68490 | Slime:1  | Entered Level 1 of the Pits of Slime
 69104 | Slime:1  | You fall into a shaft and drop 1 floor!
 69649 | Slime:3  | Reached XP level 23. HP: 176/176 MP: 11/51
 71454 | Orc:2    | Bought a ring of wizardry for 300 gold pieces
 71592 | Elf:3    | Bought a +6 ring of intelligence for 432 gold pieces
 71844 | Vaults:5 | Entered Level 5 of the Vaults
 71962 | Vaults:5 | Noticed an ancient lich
 72158 | Vaults:5 | Identified the +3 hand axe of Ritzuzug {holy, rC++}
 72164 | Vaults:5 | Identified the +8 sling "Tikkedd" {freeze, *Corrode +Blink
                  | SInv}
 72179 | Abyss:2  | Cast into level 2 of the Abyss (a deep elf demonologist)
 72798 | Abyss:2  | Found a corrupted altar of Lugonu.
 72843 | Abyss:2  | Reached skill level 15 in Fire Magic
 72843 | Abyss:2  | Reached skill level 5 in Invocations
 72861 | Vaults:5 | Escaped the Abyss
 74556 | Slime:5  | Entered Level 5 of the Pits of Slime
 74556 | Slime:5  | Found the +3 robe of Clouds {*Thunder rCloud rElec}
 75128 | Slime:5  | Noticed the Royal Jelly
 75146 | Slime:5  | Killed the Royal Jelly
 75599 | Slime:5  | Identified the +1 ring mail "Buleoc" {Harm *Slow Int+3}
 75604 | Slime:5  | Identified the +0 ring mail of the Monkey {rPois Dex-3
                  | Stlth+}
 75606 | Slime:5  | Identified the +9 broad axe "Seol" {freeze, rCorr}
 75629 | Slime:5  | Learned a level 6 spell: Bombard
 75653 | Slime:5  | Identified the +2 leather armour of Qunabus {rC++}
 75654 | Slime:5  | Identified the +2 leather armour of the Futuristic God
                  | {rElec rF+ Str+6 Int-5}
 75669 | Slime:5  | Got the Enchiridion on the Doomed Flock
 75713 | Slime:5  | Got a slimy rune of Zot
 75724 | Slime:5  | Identified the +0 robe of Niaw Gae {Int-3 Dex+2 Stlth+
                  | Archmagi}
 75727 | Slime:5  | Identified the ring of Liberty {rN+ rCorr}
 75754 | Slime:5  | Got the Tome of the Unfortunate Snowflakes
 77010 | Vaults:5 | Reached XP level 24. HP: 112/182 MP: 30/51
 77309 | Vaults:4 | Killed an ancient lich
 78114 | Vaults:4 | Learned a level 6 spell: Conjure Ball Lightning
 78771 | Vaults:5 | Identified the +3 leather armour of Imperfection {rPois rF-
                  | Str+3 Int+5}
 78788 | Vaults:5 | Found the +15 Maxwell's patent armour {-Cast -Tele rElec
                  | Will+ rCorr}
 78799 | Vaults:5 | Identified the +9 dagger of Baotokk {speed, rC++}
 78846 | Vaults:5 | Identified the +3 battleaxe "Feuk Don" {freeze, rC+}
 78855 | Vaults:5 | Got the Verses on Unholy Algor
 78874 | Vaults:5 | Got a silver rune of Zot
 78977 | Vaults:5 | Identified the +6 arbalest "Harawkuh" {freeze, Int+5}
 79091 | Vaults:5 | Identified the +7 plate armour "Hewil" {rElec rF+ rC-
                  | Dex+2}
 79100 | Vaults:5 | Identified the ring of Xom's Passing Interest {rElec rCorr
                  | Str+6 Int+2 Dex-5}
 80124 | Zot:1    | Entered Level 1 of the Realm of Zot
 80702 | Zot:1    | You fall into a shaft and drop 1 floor!
 82317 | Zot:2    | Found a stormy altar of Qazlal.
 84934 | Zot:2    | Reached skill level 15 in Dodging
 86346 | Zot:3    | Reached skill level 1 in Earth Magic
 88797 | Zot:3    | Reached XP level 25. HP: 188/188 MP: 39/51
 89139 | Zot:3    | Noticed a Killer Klown
 89738 | Zot:3    | Noticed a Killer Klown
 89925 | Zot:3    | Killed a Killer Klown
 90037 | Zot:3    | Reached skill level 5 in Earth Magic
 90050 | Zot:3    | Killed a Killer Klown
 92817 | Zot:5    | Entered Level 5 of the Realm of Zot
 94493 | Zot:5    | Learned a level 8 spell: Maxwell's Capacitive Coupling
 94652 | Zot:5    | Noticed an orb of fire
 94655 | Zot:5    | Gained mutation: You sometimes lose your temper in combat.
                  | [an orb of fire]
 94657 | Zot:5    | Gained mutation: You have a pair of small horns on your
                  | head. [an orb of fire]
 94658 | Zot:5    | Killed an orb of fire
 94888 | Zot:5    | Noticed an orb of fire
 94892 | Zot:5    | Noticed an orb of fire
 94892 | Zot:5    | Gained mutation: Your body sometimes deteriorates upon
                  | taking damage. [an orb of fire]
 96484 | Zot:5    | Gained mutation: You are dopey. (Int -2) [an orb of fire]
 96484 | Zot:5    | Noticed a Killer Klown
 96484 | Zot:5    | Gained mutation: You are very dopey. (Int -4) [an orb of
                  | fire]
 96486 | Zot:5    | Killed a Killer Klown
 96490 | Zot:5    | Killed an orb of fire
 96491 | Zot:5    | Lost mutation: You are very dopey. (Int -4) [potion of
                  | mutation]
 96491 | Zot:5    | Lost mutation: You sometimes lose your temper in combat.
                  | [potion of mutation]
 96491 | Zot:5    | Gained mutation: You are resistant to electric shocks.
                  | (rElec) [potion of mutation]
 96491 | Zot:5    | Gained mutation: Your skin changes colour to match your
                  | surroundings (Stealth+). [potion of mutation]
 96492 | Zot:5    | Lost mutation: You have a pair of small horns on your head.
                  | [potion of mutation]
 96492 | Zot:5    | Lost mutation: Your skin changes colour to match your
                  | surroundings (Stealth+). [potion of mutation]
 96492 | Zot:5    | Gained mutation: You are strong-willed. (Will+) [potion of
                  | mutation]
 96492 | Zot:5    | Gained mutation: You are partially covered in iridescent
                  | scales. (AC +2) [potion of mutation]
 96567 | Zot:5    | Gained mutation: You occasionally lose the ability to drink
                  | potions when taking damage. [an orb of fire]
 96570 | Zot:5    | Killed an orb of fire
 96598 | Zot:5    | Noticed a Killer Klown
 96601 | Zot:5    | Killed a Killer Klown
 96746 | Zot:5    | Noticed a dread lich
 96748 | Zot:5    | Noticed a Killer Klown
 96751 | Zot:5    | Killed a Killer Klown
 96752 | Zot:5    | Noticed an orb of fire
 96757 | Zot:5    | Killed a dread lich
 96759 | Zot:5    | Noticed an orb of fire
 96760 | Zot:5    | Killed an orb of fire
 96761 | Zot:5    | Reached skill level 10 in Polearms
 96767 | Zot:5    | Gained mutation: You occasionally shout uncontrollably at
                  | your foes. [an orb of fire]
 96769 | Zot:5    | Killed an orb of fire
 96832 | Zot:5    | Noticed an orb of fire
 96886 | Zot:5    | Noticed an orb of fire
 96892 | Zot:5    | Killed an orb of fire
 96929 | Zot:5    | Noticed an ancient lich
 96934 | Zot:5    | Killed an ancient lich
 97293 | Zot:5    | Gained mutation: Armour fits poorly on your strangely
                  | shaped body. [an orb of fire]
 97297 | Zot:5    | Killed an orb of fire
 97343 | Zot:5    | Lost mutation: You are partially covered in iridescent
                  | scales. (AC +2) [potion of mutation]
 97343 | Zot:5    | Lost mutation: Your body sometimes deteriorates upon taking
                  | damage. [potion of mutation]
 97343 | Zot:5    | Lost mutation: Armour fits poorly on your strangely shaped
                  | body. [potion of mutation]
 97343 | Zot:5    | Gained mutation: You occasionally lose the ability to read
                  | scrolls when taking damage. [potion of mutation]
 97343 | Zot:5    | Lost mutation: You are dopey. (Int -2) [potion of mutation]
 97344 | Zot:5    | Lost mutation: You occasionally lose the ability to drink
                  | potions when taking damage. [potion of mutation]
 97344 | Zot:5    | Lost mutation: You are strong-willed. (Will+) [potion of
                  | mutation]
 97344 | Zot:5    | Lost mutation: You occasionally lose the ability to read
                  | scrolls when taking damage. [potion of mutation]
 97344 | Zot:5    | Gained mutation: You occasionally lose the ability to drink
                  | potions when taking damage. [potion of mutation]
 97345 | Zot:5    | Lost mutation: You occasionally shout uncontrollably at
                  | your foes. [potion of mutation]
 97345 | Zot:5    | Lost mutation: You are resistant to electric shocks.
                  | (rElec) [potion of mutation]
 97345 | Zot:5    | Lost mutation: You occasionally lose the ability to drink
                  | potions when taking damage. [potion of mutation]
 97345 | Zot:5    | Gained mutation: You occasionally lose the ability to drink
                  | potions when taking damage. [potion of mutation]
 97345 | Zot:5    | Gained mutation: You are partially covered in iridescent
                  | scales. (AC +2) [potion of mutation]
 97345 | Zot:5    | Gained mutation: Your system is resistant to poisons.
                  | (rPois) [potion of mutation]
 97346 | Zot:5    | Lost mutation: You occasionally lose the ability to drink
                  | potions when taking damage. [potion of mutation]
 97346 | Zot:5    | Lost mutation: You are partially covered in iridescent
                  | scales. (AC +2) [potion of mutation]
 97346 | Zot:5    | Lost mutation: Your system is resistant to poisons. (rPois)
                  | [potion of mutation]
 97346 | Zot:5    | Gained mutation: You are frail. (-10% HP) [potion of
                  | mutation]
 97346 | Zot:5    | Gained mutation: You have sharp toenails. [potion of
                  | mutation]
 97346 | Zot:5    | Gained mutation: You sometimes lose your temper in combat.
                  | [potion of mutation]
 97346 | Zot:5    | Gained mutation: Your muscles are strong. (Str +4, Int/Dex
                  | -1) [potion of mutation]
 97634 | Zot:5    | Noticed an ancient lich
 97640 | Zot:5    | Killed an ancient lich
 97643 | Zot:5    | Noticed an ancient lich
 98407 | Zot:5    | Noticed an orb of fire
 98788 | Zot:5    | Gained mutation: You occasionally lose the ability to read
                  | scrolls when taking damage. [an orb of fire]
 98790 | Zot:5    | Killed an orb of fire
 98791 | Zot:5    | Reached XP level 26. HP: 175/175 MP: 46/51
 98801 | Zot:5    | Killed an ancient lich
 99910 | Depths:3 | Voluntarily entered the Abyss.
 99910 | Abyss:2  | Found a corrupted altar of Lugonu.
100112 | Abyss:3  | Found a corrupted altar of Lugonu.
100346 | Depths:3 | Escaped the Abyss
100458 | Depths:3 | Lost mutation: You occasionally lose the ability to read
                  | scrolls when taking damage. [potion of mutation]
100458 | Depths:3 | Lost mutation: You sometimes lose your temper in combat.
                  | [potion of mutation]
100458 | Depths:3 | Gained mutation: You are very frail. (-20% HP) [potion of
                  | mutation]
100458 | Depths:3 | Gained mutation: You are covered in fur. (AC +1) [potion of
                  | mutation]
100459 | Depths:3 | Lost mutation: You are covered in fur. (AC +1) [potion of
                  | mutation]
100459 | Depths:3 | Lost mutation: You have sharp toenails. [potion of
                  | mutation]
100459 | Depths:3 | Gained mutation: You have sharp toenails. [potion of
                  | mutation]
100459 | Depths:3 | Gained mutation: Your flesh is cold resistant. (rC+)
                  | [potion of mutation]
100460 | Depths:3 | Lost mutation: You have sharp toenails. [potion of
                  | mutation]
100460 | Depths:3 | Lost mutation: You are very frail. (-20% HP) [potion of
                  | mutation]
100460 | Depths:3 | Gained mutation: You occasionally lose the ability to read
                  | scrolls when taking damage. [potion of mutation]
100460 | Depths:3 | Lost mutation: You are frail. (-10% HP) [potion of
                  | mutation]
100670 | Depths:3 | Voluntarily entered the Abyss.
100694 | Abyss:3  | Reached skill level 10 in Earth Magic
100694 | Abyss:3  | Reached skill level 1 in Evocations
100812 | Abyss:3  | Paralysed by accursed screaming for 1 turns
100871 | Depths:3 | Escaped the Abyss
101003 | Depths:3 | Voluntarily entered the Abyss.
101006 | Abyss:3  | Found a corrupted altar of Lugonu.
101041 | Abyss:3  | Found a corrupted altar of Lugonu.
101094 | Abyss:3  | Found a corrupted altar of Lugonu.
101278 | Abyss:3  | Noticed an ancient lich
101365 | Abyss:3  | Found a corrupted altar of Lugonu.
101367 | Abyss:3  | Found a corrupted altar of Lugonu.
101367 | Abyss:3  | Found a corrupted altar of Lugonu.
101414 | Abyss:3  | Found a runed translucent gate.
101415 | Abyss:3  | Found a runed translucent gate.
101416 | Abyss:3  | Found a runed translucent gate.
101523 | Abyss:3  | Found a corrupted altar of Lugonu.
101578 | Abyss:3  | Found a runed translucent gate.
101578 | Abyss:3  | Found a runed translucent gate.
101579 | Abyss:3  | Found a runed translucent gate.
101860 | Abyss:3  | Gained mutation: You occasionally shout uncontrollably at
                  | your foes. [a neqoxec]
102120 | Abyss:3  | Reached skill level 10 in Stealth
102167 | Depths:3 | Escaped the Abyss
102463 | Depths:3 | Voluntarily entered the Abyss.
102634 | Abyss:3  | Found a radiant altar of Vehumet.
102752 | Abyss:3  | Lost mutation: Your muscles are strong. (Str +4, Int/Dex
                  | -1) [a neqoxec]
102762 | Abyss:3  | Gained mutation: Your system is resistant to poisons.
                  | (rPois) [a neqoxec]
102764 | Abyss:3  | Gained mutation: You are clumsy. (Dex -2) [a neqoxec]
103035 | Abyss:3  | Got an abyssal rune of Zot
103235 | Abyss:3  | Noticed an ancient lich
103279 | Depths:3 | Escaped the Abyss
103570 | Zot:5    | Lost mutation: You occasionally shout uncontrollably at
                  | your foes. [potion of mutation]
103570 | Zot:5    | Lost mutation: Your system is resistant to poisons. (rPois)
                  | [potion of mutation]
103570 | Zot:5    | Lost mutation: You occasionally lose the ability to read
                  | scrolls when taking damage. [potion of mutation]
103570 | Zot:5    | Gained mutation: You occasionally lose the ability to read
                  | scrolls when taking damage. [potion of mutation]
103570 | Zot:5    | Gained mutation: You expend magic power (3 MP) to
                  | strengthen your wands. [potion of mutation]
103571 | Zot:5    | Lost mutation: You expend magic power (3 MP) to strengthen
                  | your wands. [potion of mutation]
103571 | Zot:5    | Lost mutation: You occasionally lose the ability to read
                  | scrolls when taking damage. [potion of mutation]
103571 | Zot:5    | Lost mutation: You are clumsy. (Dex -2) [potion of
                  | mutation]
103571 | Zot:5    | Gained mutation: Your muscles are strong. (Str +4, Int/Dex
                  | -1) [potion of mutation]
103571 | Zot:5    | Gained mutation: You have large cloven feet. [potion of
                  | mutation]
103571 | Zot:5    | Gained mutation: You are clumsy. (Dex -2) [potion of
                  | mutation]
103632 | Zot:5    | Got the Orb of Zot
103639 | Zot:5    | Noticed Gierrar the pandemonium lord
103771 | Depths:4 | Reached XP level 27. HP: 201/201 MP: 2/51
103908 | D:13     | Noticed Zotomaq the pandemonium lord
103926 | D:12     | Killed Zotomaq the pandemonium lord
104261 | D:$      | Escaped with the Orb!

Illustrated notes

Levels and vault maps discovered:
D:1:      minmay_arrival_up_and_down, layout_basic
D:2:      layout_basic, hellmonk_ecumenical_altar_pennies_from_heaven,
          solitary_fountain
D:3:      cheibrodos_fertilizer, layout_basic, mainiacjoe_overflow_boulevard,
          serial_corexii_hall, corexii_hall_statues_x, corexii_hall_statues_x,
          minmay_misc_feat_more_columns
D:4:      layout_basic, gammafunk_temple_overflow_pools, temple_hall
D:5:      dreamdust_elfheim, layout_loops_cross, serial_undead, serial_undead_b,
          serial_undead_d, serial_undead_f, serial_undead_d, serial_undead_d,
          serial_undead_d, serial_undead_b
D:6:      layout_basic, lemuel_mausoleum_altar_yredelemnul,
          lemuel_crystal_altar, pdpol_wu_jian_five_deadly_venoms
D:7:      layout_rooms, ebering_ghost_disaster_area,
          minmay_fractal_squares_gapless_5, uniq_jeremiah
D:8:      layout_cave_pools, kennysheep_vampire_church,
          mainiacjoe_overflow_small_starburst, nicolae_ru_path_of_blood,
          nicolae_hepliaklqana_hazy_memory, erik_lair_dragon, wad_mini_maze,
          uniq_gastronok, uniq_maurice, uniq_maggie
D:9:      layout_stronghold, xom_confusion_cloud
D:10:     layout_stronghold, led_sif_pool,
          serial_library_regret_index_double_sided
D:11:     layout_roguey, orc_0_dummy, serial_demonic, serial_demonic_g,
          serial_demonic_e, serial_demonic_c, serial_demonic_b
D:12:     layout_small_grid, minmay_misc_feat_x, grunt_decor_junction,
          nicolae_danse_macabre
D:13:     layout_cross
D:14:     layout_cave_pools, ximxim_vaults_locker_room,
          hangedman_decor_opposing, nicolae_straight_to_the_point, uniq_louise,
          uniq_kirke
D:15:     grunt_enter_depths_giant_problem, layout_basic, grunt_ministairs_15
Temple:   zaba_magenta_temple
Lair:1:   layout_cave_shapes, grunt_megastairs_2, infiniplex_staircase_pool_2
Lair:2:   layout_roguey, guppyfry_snake_entry_garden, serial_bayou_shore_a,
          grunt_megastairs_4
Lair:3:   layout_cave_pods, minmay_shoals_entry_lonely_mermaid,
          gammafunk_ghost_wrathful_warriors
Lair:4:   layout_regular_city, slime_entry_1, pdpol_lair_cabin_in_the_woods,
          infiniplex_staircase_pool
Lair:5:   wormcave, layout_layer_cave, hangedman_lair_in_review, st_stairs_9,
          serial_bayou_shore_b
Shoals:1: layout_shoals, ebering_ghost_xom, serial_shops,
          nicolae_shop_tiny_waterfront, nicolae_shop_tiny_real_fake_doors,
          nicolae_shop_advertising_works [nicolae_subvault_shop_adworks],
          nicolae_shop_overgrown_old_shop, shop
Shoals:2: layout_shoals, nicolae_shoals_arrival_archipelago
Shoals:3: layout_shoals, serial_shops, shop
Shoals:4: shoals_end_grunt_garden, layout_shoals,
          nicolae_shoals_pincushion_passage
Snake:1:  layout_rooms, uniq_roxanne
Snake:2:  layout_layer_cave, special_room, nicolae_snake_gridmaze_squiggle,
          abandoned_shop
Snake:3:  layout_onion_interference, basic_altar, grunt_ministairs_13
Snake:4:  snake_pit, layout_cave_town, portal_ice_cave_entry_ice_simulacra
Slime:1:  layout_caves
Slime:2:  layout_caves, cheibrodos_slime_lost_civilization_7
Slime:3:  layout_caves
Slime:4:  layout_caves
Slime:5:  slime_pit_nicolae_jellycorners
Orc:1:    layout_caves, einodemon_barbed_minivault
Orc:2:    grunt_orc_cross, layout_diamond_mine, basic_altar, serial_shops,
          nicolae_square_shop, nicolae_shop_firing_range
Elf:1:    nicolae_elf_arrival_fired_up, layout_loops_corners,
          ebering_ghost_rock_garden, minmay_elf_demonology
Elf:2:    elven_hall_of_blades_hangedman_alternative
          [nicolae_blade_little_rooms], layout_loops_cross,
          dreamdust_princess_corridor, dreamdust_mushroom_princess
Elf:3:    elf_hall, layout_loops_corners, serial_shops,
          nicolae_shop_hallway_plus
Vaults:1: ontoclasm_vaults_chip, ontoclasm_vaults_claustrophobia,
          nicolae_vaults_mini_display_case, nicolae_vaults_house_2,
          nicolae_vaults_more_shelving_2, dpeg_vaults_monster_row,
          nicolae_vaults_apartment_1, vaults_dpeg_ring,
          nicolae_vaults_trapezoid_layered, nicolae_vaults_security_offices_2,
          ontoclasm_vaults_pinch, nicolae_vaults_tetromino_T_2,
          ontoclasm_vaults_decontamination, nicolae_vaults_storage_closets_3,
          layout_vaults_maze_bifur
Vaults:2: nicolae_vaults_border_crossing, nicolae_vaults_trapezoid_3,
          nicolae_vaults_circle_grid_a, hangedman_vaults_corner,
          nicolae_vaults_library_corner, nicolae_vaults_lightning_bolt,
          v_alt_pattern_2, nicolae_vaults_little_squares_1,
          hangedman_vaults_nails, hangedman_vaults_restitches,
          nicolae_vaults_house_3, ontoclasm_vaults_ligature, v_misc_28,
          layout_vaults_omnibox
Vaults:3: nicolae_vaults_sightless_eye, vaults_room_mumra_shop_pool,
          minmay_crypt_entry_simple_plaza, nicolae_vaults_tetromino_T_2,
          nicolae_vaults_tetromino_T_2, hangedman_vaults_corner_blocks,
          nicolae_vaults_six-pack, layout_vaults_chaotic_city, uniq_xtahua,
          uniq_margery
Vaults:4: nicolae_vaults_tetromino_T_1, vaults_mumra_minichess_inversion,
          nicolae_vaults_three_branches, nicolae_vaults_double_plus_2,
          nicolae_vaults_weapon_check, dpeg_vaults_hating_casters, v_misc_9,
          v_misc_17, nicolae_vaults_asterisk, nicolae_vaults_little_squares_6,
          layout_vaults_omnigrid, uniq_jory
Vaults:5
Depths:1: layout_honeycomb, enter_ziggurat_c, ebering_ghost_reflecting_pool,
          hangedman_tar_grid_catacomb, corexii_leaking_fountain, drop_trap,
          tgw_lugonu_bribe, minmay_shop_star
Depths:2: minmay_the_grid_net [minmay_the_grid_pillar_ring,
          minmay_the_grid_dragon_a, minmay_the_grid_zigzag_pyramid,
          minmay_the_grid_minigrid_medium, minmay_the_grid_garden,
          minmay_the_grid_prize_four_corners], layout_cave_shapes,
          nicolae_figureground_sparkle, grunt_hell_horde, pan_entry,
          infiniplex_staircase_spiral_double
Depths:3: minmay_ornate_pinched, layout_gridville, abyss_entry_flame_altar,
          grunt_hell_entry_dis_grunt, ashenzari_conservatory_becter,
          minmay_holes
Depths:4: grunt_crosshair, layout_gridlike, amcnicky_mini_pool_small,
          hellmouth_1, rand_demon_pan_entry_1
Zot:1:    layout_basic
Zot:2:    layout_cathedral_of_symmetry, regret_index_zotdec_storm_pass
Zot:3:    circus_mu, layout_misc_corridors, hangedman_zot_diagonal_lockstep
Zot:4:    layout_basic, hangedman_elemental_corridor
Zot:5:    layout_basic

Skill      XL: |  1  2  3  4  5  6  7  8  9 10 11 12 13 14 15 16 17 18 19 20 21 22 23 24 25 26 |
---------------+-------------------------------------------------------------------------------+-----
Hexes          | 5 |  5.7
Stealth        | 5 6 8 10 | 10.7
Air Magic      | 1 2 3 4 6 8 10 11 12 13 14 15 | 15.2
Fighting       | 1 2 3 4 5 6 7 8 9 10 11 12 13 | 13.4
Spellcasting   | 3 4 5 7 8 10 11 12 14 15 17 19 20 22 24 | 24.4
Short Blades   | 2 3 |  3.3
Conjurations   | 1 2 3 |  3.9
Armour         | 1 2 3 4 5 6 7 8 |  8.4
Invocations    | 2 3 5 7 |  7.0
Dodging        | 3 4 8 11 13 15 17 19 | 19.7
Shields        | 2 3 4 5 6 7 8 9 11 12 | 12.6
Polearms       | 1 3 4 5 6 10 14 | 14.6
Translocations | 1 2 3 4 5 6 7 |  7.3
Fire Magic     | 2 3 5 6 7 9 12 16 18 | 18.3
Summonings     | 1 |  1.0
Earth Magic    | 4 9 11 | 11.4
Evocations     | 1 |  1.8
Maces & Flails | |  0.2
Ice Magic      | |  0.7

Action                     |  1- 3 |  4- 6 |  7- 9 | 10-12 | 13-15 | 16-18 | 19-21 | 22-24 | 25-27 || total
---------------------------+-------+-------+-------+-------+-------+-------+-------+-------+-------++-------
  Melee: Dagger            |    67 |    27 |       |       |       |       |       |       |       ||    94
         Bite              |     6 |     6 |     3 |    11 |    29 |    27 |    26 |    53 |   101 ||   262
         Punch             |     1 |     1 |       |     1 |       |       |       |       |       ||     3
         Flail             |       |    33 |     9 |       |       |       |       |       |       ||    42
         Staff             |       |       |     4 |       |       |       |       |       |       ||     4
         Rapier            |       |       |    21 |       |       |       |       |       |       ||    21
         Lance             |       |       |       |   100 |   250 |   179 |   133 |   240 |   688 ||  1590
   Cast: Ensorcelled Hiber |    13 |     4 |    13 |       |       |       |       |       |       ||    30
         Shock             |    18 |   177 |   450 |       |       |       |       |       |       ||   645
         Tukima's Dance    |     1 |     9 |     4 |       |       |       |       |       |       ||    14
         Airstrike         |       |       |     9 |   323 |   880 |  1090 |  1034 |   105 |    33 ||  3474
         Swiftness         |       |       |       |       |     1 |       |       |     1 |     1 ||     3
         Summon Lightning  |       |       |       |       |       |    11 |    10 |     3 |       ||    24
         Iskenderun's Myst |       |       |       |       |       |    21 |    35 |    95 |    15 ||   166
         Plasma Beam       |       |       |       |       |       |       |   151 |   756 |   393 ||  1300
         Blink             |       |       |       |       |       |       |     1 |     2 |       ||     3
         Ignition          |       |       |       |       |       |       |       |    35 |    36 ||    71
         Maxwell's Capacit |       |       |       |       |       |       |       |       |    12 ||    12
         Conjure Ball Ligh |       |       |       |       |       |       |       |       |     2 ||     2
  Evoke: Wand              |       |       |       |     1 |     3 |       |       |       |     9 ||    13
         Lightning rod     |       |       |       |       |       |     3 |     7 |     3 |       ||    13
    Use: Scroll            |       |       |    18 |     2 |    12 |     5 |     3 |    12 |     4 ||    56
         Potion            |       |       |     2 |       |       |     2 |     2 |     5 |    14 ||    25
   Stab: Sleeping          |    12 |     3 |     5 |       |       |       |       |     1 |       ||    21
         Distracted        |       |       |       |       |       |       |       |     1 |     4 ||     5
 Armour: Robe              |    31 |    18 |       |       |       |       |       |    79 |       ||   128
         Leather armour    |       |    49 |   178 |       |       |       |       |       |       ||   227
         Acid dragon scale |       |       |       |   132 |   322 |    18 |       |   108 |       ||   580
         Ring mail         |       |       |       |       |       |   349 |   470 |   385 |   346 ||  1550
         Quicksilver drago |       |       |       |       |       |       |       |     8 |       ||     8
  Dodge: Dodged            |    27 |    68 |   158 |   121 |   148 |   125 |   113 |   332 |   241 ||  1333
  Block: Kite shield       |       |       |       |     5 |   247 |   137 |       |   126 |   385 ||   900
         Tower shield      |       |       |       |       |       |   221 |   391 |   567 |    43 ||  1222
         Reflection        |       |       |       |       |       |    16 |    73 |     9 |     2 ||   100
